 Dungeon Crawl Stone Soup version 0.29-a0-271-gd4eb659eea (webtiles) character file.

Game seed: 1396754682532279225

15469 namelastname112 the Fighter (level 12, -3/113 HPs)
             Began as a Minotaur Berserker on Mar 9, 2022.
             Was a Priest of Trog.
             Slain by a titanic slime creature (66 damage)
             ... on level 11 of the Dungeon.
             The game lasted 00:14:22 (12475 turns).

namelastname112 the Fighter (Minotaur Berserker)   Turns: 12475, Time: 00:14:23

Health: -3/113     AC: 19    Str: 38    XL:     12   Next: 1%
Magic:  11/11      EV: 14    Int:  4    God:    Trog [***...]
Gold:   823        SH:  0    Dex: 16    Spells: 11/11 levels left

rFire   + + .      SeeInvis .   E - +6 battleaxe (protect)
rCold   . . .      Faith    .   (shield currently unavailable)
rNeg    . . .      Spirit   .   z - +0 plate armour
rPois   .          Reflect  .   r - +1 hat
rElec   +          Harm     .   t - +0 cloak
rCorr   .          Rampage  .   B - +0 pair of gloves
Will    .....                   (no boots)
Stlth   ..........              Q - amulet "Ocwiy" {RegenMP rElec Str+5}
HPRegen 0.28/turn               H - +6 ring of strength
MPRegen 0.52/turn               w - ring "Vulukiv" {rF++ Dex+6}

@: no status effects
A: horns 2, retaliatory headbutt
a: Renounce Religion, Berserk, Trog's Hand


You were on level 11 of the Dungeon.
You worshipped Trog.
Trog was most pleased with you.
You visited 1 branch of the dungeon, and saw 11 of its levels.
You also visited: Sewer.

You collected 1900 gold pieces.
You spent 1077 gold pieces at shops.

Inventory:

Hand Weapons
 a - the +6 broad axe "Ujunkud" {freeze, rN+}
   (You found it on level 11 of the Dungeon)

   It freezes those it strikes, dealing additional cold damage.
   It can also slow down cold-blooded creatures.
   rN:        It protects you from negative energy.
 v - a +3 spectral hand axe
 E - a +6 battleaxe of protection (weapon)
Missiles
 c - a throwing net (quivered)
Armour
 r - a +1 hat (worn)
 t - a +0 cloak (worn)
 z - a +0 plate armour (worn)
 B - a +0 pair of gloves (worn)
 I - the +0 pair of gloves of Fun and Games {rC+ Dex-3 SInv}
   (You found it on level 8 of the Dungeon)

   Dex:       It affects your dexterity (-3).
   rC:        It protects you from cold.
   SInv:      It lets you see invisible.
 J - a +2 pair of gloves of infusion
Jewellery
 w - the ring "Vulukiv" (right hand) {rF++ Dex+6}
   (You bought it in a shop on level 9 of the Dungeon)

   [ring of dexterity]

   Dex:       It affects your dexterity (+6).
   rF:        It greatly protects you from fire.
 F - a ring of fire
 H - a +6 ring of strength (left hand)
 K - a ring of protection from cold
 Q - the amulet "Ocwiy" (around neck) {RegenMP rElec Str+5}
   (You found it on level 9 of the Dungeon)

   [amulet of magic regeneration]

   It increases your rate of magic regeneration.
   Str:       It affects your strength (+5).
   rElec:     It insulates you from electricity.
 S - a ring of ice
Wands
 e - a wand of polymorph (7)
 o - a wand of acid (28)
 p - a wand of paralysis (23)
 O - a wand of mindburst (8)
 P - a wand of iceblast (5)
 U - a wand of flame (8)
Scrolls
 d - a scroll of magic mapping
 f - 4 scrolls of vulnerability
 g - 2 scrolls of torment
 j - 2 scrolls of fog
 m - 5 scrolls of teleportation
 n - 2 scrolls of enchant weapon
 y - a scroll of summoning
 T - a scroll of blinking
Potions
 b - 2 potions of flight
 h - 2 potions of cancellation
 i - a potion of attraction
 k - a potion of magic
 l - 6 potions of curing
 q - 3 potions of degeneration
 s - a potion of haste
 u - a potion of might {unknown}
 x - a potion of berserk rage
 A - 2 potions of brilliance
 R - a potion of lignification


   Skills:
 + Level 12.3 Fighting
 + Level 12.3 Axes
 + Level 12.0 Armour
 + Level 11.1 Dodging


You had 11 spell levels left.
You didn't know any spells.
Your spell library was empty.

Dungeon Overview and Level Annotations

Branches:
Dungeon (11/15)            Temple (0/1) D:5            Lair (0/6) D:9
  Sewer (visited)
    Orc: D:9-12

Altars:
Elyvilon
Gozag
Nemelex Xobeh
Sif Muna

Shops:
D:1 *   D:7 ?[(   D:9 =


Innate Abilities, Weirdness & Mutations

You have a pair of horns on your head.
You reflexively headbutt those who attack you in melee.


Message History

You cut the slime creature into ribbons!!!!!!!!!
Your weapon exudes an aura of protection!
You headbutt the slime creature!!!
The slime creature is almost dead!
Two slime creatures merge to form a large slime creature!
The slime creature hits you but does no damage!
You slice the slime creature like a ripe choko!!!!!!
You annihilate the slime creature!!!
Trog roars: ANNIHILATED!
Your Armour skill increases to level 12!!!
You have reached level 12!!!
You feel stronger!
Health restored: 113; MP restored: 11 You carve the large slime creature like a ham!!!!!!
Your headbutt misses the large slime creature!
The large slime creature is lightly wounded!
The large slime creature hits you but does no damage!
You carve the large slime creature like a ham!
The large slime creature is lightly wounded!
The large slime creature hits you!!!!!!
Two slime creatures merge to form a very large slime creature!
You cut the very large slime creature into ribbons!!!!!!!!!
You headbutt the very large slime creature!!!
The very large slime creature is moderately wounded!
Two slime creatures merge to form a large slime creature!
The very large slime creature hits you!!!!!!
You take 54 damage, and have 59/113 hp!
MASSIVE DAMAGE!!!!!!
You slice the very large slime creature like a ripe choko!!!!!!
You headbutt the very large slime creature, but do no damage!
The very large slime creature is heavily wounded!
Two slime creatures merge to form a titanic slime creature!
A titanic slime creature is nearby!!!
The titanic slime creature attacks as you move away!!!
The titanic slime creature hits you but does no damage!
The titanic slime creature attacks as you move away!!!
The titanic slime creature misses you!
The titanic slime creature attacks as you move away!!!
The titanic slime creature hits you!!!!!!!!!
DANG rip

#......†.....:.:.......#
#......#...#..:..#...#.#
###......##..#.....#..##.#
.........###..##.##..###.#
..........###.......###..#
....#####.####.....###.#.#
............###...####.#.#
..........#.# ##.###.>...#
........###.###.@# #.#..[#
....###.#.....>.J#
#.#........# ...<#
#.#>#.####.# #.#..#####.#
##### #.#.#....#.# #.#..#
#.#.#..#.#.# #.#..#
#J#.####.#.# #.#.(#
#.#......#.# #†#..#
.J########.###.#...
..............#.#


You could see a titanic slime creature.

Vanquished Creatures
  An ice dragon (D:11)
  Erolcha (D:11)
  A death knight (D:11)
  2 boulder beetles
  A two-headed ogre (D:8)
  2 skeletal warriors (D:11)
  A phantasmal warrior (D:11)
  An ugly thing (D:8)
  2 cyclopes
  A komodo dragon (D:9)
  A rime drake (D:11)
  A freezing wraith (D:11)
  A yaktaur (D:8)
  2 trolls (D:10)
  A slime creature (D:11)
  Grinder (D:3)
  4 centaur simulacra (D:11)
  A shadow (D:11)
  Sigmund (D:3)
  A wyvern (D:10)
  Eustachio (D:4)
  A steam dragon (D:8)
  4 yaks
  Grum (D:11)
  2 vampire mosquitoes (D:10)
  Menkaure (D:7)
  A water moccasin (D:5)
  Duvessa (D:4)
  2 acid dragons
  5 orc warriors
  An ice beast (D:7)
  2 black bears
  4 wolves (D:11)
  4 centaurs
  A phantom (D:4)
  2 kobold brigands (D:8)
  A necrophage (D:7)
  6 bullfrogs
  5 scorpions
  12 wights
  Dowan (D:4)
  10 killer bees
  2 howler monkeys
  4 jellies
  4 hounds
  7 orc priests
  Crazy Yiuf (D:3)
  Jessica (D:2)
  3 iguanas (D:4)
  14 orc wizards
  11 adders
  A river rat (D:6)
  A shadow imp (D:7)
  2 ufetubi
  3 worms
  3 dart slugs
  43 orcs
  5 bats
  13 endoplasms
  10 giant cockroaches
  5 goblins
  9 hobgoblins
  5 jackals
  16 quokkas
  10 ball pythons
  10 frilled lizards
  10 kobolds
  7 rats
295 creatures vanquished.

Vanquished Creatures (others)
  3 plants (D:9)
3 creatures vanquished.

Grand Total: 298 creatures vanquished

Notes
Turn   | Place    | Note
-------+----------+-------------------------------------------
     0 | D:1      | namelastname112 the Minotaur Berserker began the quest for
                  | the Orb.
     0 | D:1      | Reached XP level 1. HP: 19/19 MP: 0/0
   106 | D:1      | Reached XP level 2. HP: 27/27 MP: 1/1
   158 | D:1      | Found Kowoocri's Assorted Antiques.
   630 | D:1      | Reached XP level 3. HP: 29/33 MP: 2/2
   632 | D:1      | Reached ** piety under Trog
   694 | D:1      | Found a faded altar of an unknown god.
  1928 | D:2      | Noticed Jessica
  1934 | D:2      | Killed Jessica
  1935 | D:2      | Reached XP level 4. HP: 30/41 MP: 3/3
  2418 | D:3      | Reached XP level 5. HP: 47/47 MP: 4/4
  2533 | D:3      | Noticed Grinder
  2539 | D:3      | Killed Grinder
  2540 | D:3      | Reached skill level 5 in Fighting
  2540 | D:3      | Reached skill level 5 in Axes
  2540 | D:3      | Reached XP level 6. HP: 56/56 MP: 5/5
  2574 | D:3      | Noticed Sigmund
  2585 | D:3      | Killed Sigmund
  2971 | D:3      | Reached XP level 7. HP: 62/62 MP: 6/6
  3038 | D:3      | Found a runed translucent door.
  3039 | D:3      | Noticed Crazy Yiuf
  3193 | D:3      | Killed Crazy Yiuf
  3194 | D:3      | Reached skill level 5 in Armour
  3311 | D:4      | Noticed Dowan
  3312 | D:4      | Noticed Duvessa
  3326 | D:4      | Killed Duvessa
  3327 | D:4      | Reached skill level 5 in Dodging
  3345 | D:4      | Killed Dowan
  4079 | D:4      | Reached XP level 8. HP: 42/71 MP: 7/7
  4322 | D:4      | Noticed Eustachio
  4333 | D:4      | Killed Eustachio
  4690 | D:5      | Entered Level 5 of the Dungeon
  4704 | D:5      | Reached *** piety under Trog
  5229 | D:5      | Found a staircase to the Ecumenical Temple.
  6157 | D:6      | Reached XP level 9. HP: 66/81 MP: 8/8
  6364 | D:6      | Found a glowing drain.
  6371 | Sewer    | Entered a sewer
  6376 | Sewer    | Reached **** piety under Trog
  7122 | D:7      | Found Waujeng's Antique Weapon Shoppe.
  7130 | D:7      | Noticed Menkaure
  7138 | D:7      | Killed Menkaure
  7138 | D:7      | Reached ***** piety under Trog
  7257 | D:7      | Found Daoll's Armour Emporium.
  7269 | D:7      | Found Ybiw's Magic Scroll Emporium.
  7617 | D:7      | Bought a scroll of blinking for 112 gold pieces
  7617 | D:7      | Bought a scroll of magic mapping for 52 gold pieces
  8492 | D:8      | Noticed a two-headed ogre
  8507 | D:8      | Killed a two-headed ogre
  8508 | D:8      | Reached XP level 10. HP: 55/91 MP: 9/9
  8872 | D:8      | Found an opulent altar of Gozag.
  8913 | D:8      | Received a gift from Trog
  9107 | D:8      | Noticed a green ugly thing
  9111 | D:8      | Killed a green ugly thing
  9112 | D:8      | Reached skill level 10 in Fighting
  9112 | D:8      | Reached skill level 10 in Axes
  9257 | D:8      | Identified the +0 pair of gloves of Fun and Games {rC+
                  | Dex-3 SInv}
  9655 | D:9      | Noticed a cyclops
  9664 | D:9      | Killed a cyclops
  9862 | D:9      | Identified the amulet "Ocwiy" {RegenMP rElec Str+5}
  9888 | D:9      | You fall into a shaft and drop 2 floors!
  9888 | D:11     | Noticed Grum
  9888 | D:11     | Noticed a death knight
  9888 | D:11     | Noticed a skeletal warrior
  9888 | D:11     | Noticed a phantasmal warrior
  9888 | D:11     | Noticed a skeletal warrior
  9894 | D:11     | Killed a death knight
  9894 | D:11     | Noticed Erolcha
  9895 | D:11     | Reached skill level 10 in Armour
  9895 | D:11     | Killed a phantasmal warrior
  9897 | D:11     | Noticed a cyclops
  9900 | D:11     | Killed a skeletal warrior
  9901 | D:11     | Reached XP level 11. HP: 85/101 MP: 10/10
  9905 | D:11     | Killed a skeletal warrior
 10033 | D:11     | Killed Grum
 10036 | D:11     | Reached skill level 10 in Dodging
 10112 | D:11     | Killed Erolcha
 10239 | D:11     | Noticed an ice dragon
 10387 | D:10     | Entered Level 10 of the Dungeon
 10801 | D:10     | Found a shimmering blue altar of Sif Muna.
 10910 | D:10     | Noticed a boulder beetle
 10923 | D:10     | Killed a boulder beetle
 11511 | D:9      | Found Iggisioc's Jewellery Boutique.
 11656 | D:9      | Found a staircase to the Lair.
 11965 | D:9      | Found a white marble altar of Elyvilon.
 11965 | D:9      | Found a sparkling altar of Nemelex Xobeh.
 11996 | D:9      | Identified a scroll of acquirement
 11996 | D:9      | Acquired 1149 gold pieces
 12056 | D:9      | Bought the ring "Vulukiv" {rF++ Dex+6} for 913 gold pieces
 12149 | D:11     | Noticed a boulder beetle
 12160 | D:11     | Killed a boulder beetle
 12270 | D:11     | Killed an ice dragon
 12317 | D:11     | Got the +6 broad axe "Ujunkud" {freeze, rN+}
 12456 | D:11     | Reached XP level 12. HP: 113/113 MP: 11/11
 12475 | D:11     | Slain by a titanic slime creature

Illustrated notes

Levels and vault maps discovered:
D:1:      dpeg_arrival_lava_temple_mockup, layout_basic,
          shapermc_ecumenical_altar_rom_forum, serial_shops,
          nicolae_shop_statue_plus
D:2:      layout_basic, kennysheep_jessica_study
D:3:      layout_basic, lemuel_another_geyser, uniq_sigmund, uniq_grinder,
          uniq_crazy_yiuf_cottage
D:4:      layout_basic, uniq_eustachio, uniq_duvessa
D:5:      layout_loops_ring, minmay_temple_entry_nine_rooms
D:6:      layout_gridville, gup_sewer_entry_spiral
D:7:      layout_cave_pods, serial_shops, nicolae_inconvenience_store,
          nicolae_square_shop, shop_scrolls, uniq_menkaure
D:8:      minmay_the_grid_four_pointed_star
          [minmay_the_grid_triangle_9x9_zippers_horizontal,
          minmay_the_grid_triangle_9x9_empty,
          minmay_the_grid_triangle_9x9_steps,
          minmay_the_grid_triangle_9x9_cache,
          minmay_the_grid_prize_diamond_cup], layout_basic,
          nicolae_gozag_cash_rules_everything_around_me,
          minmay_increasing_density
D:9:      layout_cave_pools, gammafunk_temple_overflow_wave,
          david_lair_shrubbed, serial_shops, nicolae_shop_statue_plus
D:10:     layout_basic, overflow_temple_1_default
D:11:     minmay_coctagon, layout_basic, minmay_orc_entry_temple_small,
          uniq_grum, uniq_erolcha

Skill      XL: |  1  2  3  4  5  6  7  8  9 10 11 |
---------------+----------------------------------+-----
Fighting       | 4 5 6 7 9 10 12 | 12.3
Axes           | 4 5 6 7 9 10 12 | 12.3
Armour         | 3 4 5 7 9 10 12 | 12.0
Dodging        | 3 4 5 6 8 9 11 | 11.1

Action                   |  1- 3 |  4- 6 |  7- 9 | 10-12 || total
-------------------------+-------+-------+-------+-------++-------
Melee: Hand axe          |    88 |    65 |   308 |    12 ||   473
       Headbutt          |    13 |     5 |    44 |    40 ||   102
       Battleaxe         |       |       |       |   163 ||   163
Invok: Berserk           |       |     2 |     2 |     1 ||     5
       Trog's Hand       |       |       |       |     1 ||     1
Evoke: Wand              |       |       |     2 |       ||     2
  Use: Scroll            |       |       |    13 |    17 ||    30
       Potion            |       |       |     2 |       ||     2
 Stab: Distracted        |       |       |     1 |     1 ||     2
Armor: Animal skin       |    12 |       |       |       ||    12
       Leather armour    |       |    15 |    43 |       ||    58
       Plate armour      |       |       |    87 |   136 ||   223
Dodge: Dodged            |    66 |    36 |   212 |   133 ||   447

Table legend: (Time is in decaauts)
 A = Elapsed time spent in this place.
 B = Non-inter-level travel time spent in this place.
 C = Inter-level travel time spent in this place.
 D = Time resting spent in this place.
 E = Time spent auto-exploring this place.
 F = Levels seen in this place.
 G = Mean time per level.
                   A        B        C        D        E       F      G
               +--------+--------+--------+--------+--------+-----+--------+
         Total |  12617 |  12180 |    437 |   1804 |   8581 |  12 | 1051.4 |
       Dungeon |  12277 |  11840 |    437 |   1804 |   8403 |  11 | 1116.1 |
         Sewer |    339 |    339 |      0 |      0 |    178 |   1 |  339.0 |
               +--------+--------+--------+--------+--------+-----+--------+

Top non-repeatable levels by time:
     D:4: 1482 daAuts
     D:8: 1291 daAuts
     D:7: 1254 daAuts
     D:1: 1232 daAuts
     D:5: 1181 daAuts
     D:2: 1169 daAuts
     D:9: 1111 daAuts
    D:10: 938 daAuts
     D:6: 916 daAuts
    D:11: 853 daAuts
     D:3: 845 daAuts
   Sewer: 339 daAuts
